Penguins vs Devils

Created - Sunday, February 16, 2025 at 23:13

Goals
1 2 3 T
Penguins 0 1 0 1
Devils 2 0 1 3
Shots
1 2 3 T
Penguins 10 16 12 38
Devils 12 12 18 42

1st period

1. Devils , Alex Limoges 21 (Calen Addison 52, Joel Blomqvist) at 5:33 (PP)
2. Devils , Calen Addison 9 (Cole Schwindt 19) at 13:19 (PP)

Penalties :
Austin Watson (WBS) for High sticking (Minor) at 3:59, Jakub Zboril (WBS) for Delaying the game (Minor) at 5:59, Adam Erne (BIN) for Goalie Interference (Minor) at 10:55, Jake Massie (WBS) for Diving (Minor) at 10:55, Jake Massie (WBS) for Tripping (Minor) at 13:17, Corey Schueneman (WBS) for Interference (Minor) at 16:38

2nd period

3. Penguins , Ryan Winterton 18 (Daniel Torgersson 11, Anthony Deangelo 40) at 0:14

Penalties :
Nikita Chibrikov (WBS) for Tripping (Minor) at 0:22, Cole Schwindt (BIN) for Hooking (Minor) at 2:05, Arshdeep Bains (BIN) for Interference (Minor) at 7:42, Antti Saarela (WBS) for Interference (Minor) at 7:42, Alex Limoges (BIN) for Cross-checking (Minor) at 13:09, Marcel Marcel (WBS) for Cross-checking (Minor) at 15:24, Anthony Deangelo (WBS) for High sticking (Minor) at 15:38

3rd period

4. Devils , Calen Addison 10 (Bobby Brink 23, Alex Limoges 37) at 12:06

Penalties :
Adam Erne (BIN) for Delaying the game (Minor) at 0:47, Austin Watson (WBS) for High sticking (Minor) at 1:27, Corey Schueneman (WBS) for Roughing (Minor) at 13:05, Tyler Kleven (WBS) for Tripping (Minor) at 16:25, Austin Watson (WBS) for Tripping (Minor) at 16:32, Kale Clague (BIN) for Interference (Minor) at 18:41

Goalie Stats

Mitchell Weeks (WBS), 39 saves from 42 shots - (0.929), L, 5-11-1, 60:00 minutes
Joel Blomqvist (BIN), 37 saves from 38 shots - (0.974), W, 32-20-3, 60:00 minutes

Players Stats for Penguins

Player Name              G  A  P  +/- PIM S  H  SB GA TA FO     MP     PP MP  PK MP  
------------------------------------------------------------------------------------
Anthony Deangelo         0  1  1   1  2   3  2  4  0  0  0/0    24:34   2:54   5:31 
Antti Saarela            0  0  0   0  2   2  4  0  0  0  8/25   15:28   3:15   0:28 
Austin Watson            0  0  0   1  6   8  3  0  0  0  7/21   20:43   2:08   4:59 
Brayden Tracey           0  0  0  -1  0   2  0  0  0  0  0/0    19:26   2:25   1:27 
Brendan Lemieux          0  0  0   0  0   1  0  0  0  0  0/1    11:30   0:00   5:53 
Corey Schueneman         0  0  0  -1  4   3  2  3  0  0  0/0    21:01   2:46   4:53 
Daniel Torgersson        0  1  1   1  0   0  0  0  0  0  0/1    15:34   0:00   0:16 
Farm Player 19           0  0  0   0  0   0  1  0  0  0  2/15    8:03   0:06   5:27 
Jake Massie              0  0  0   1  4   2  4  3  0  0  0/0    21:44   2:54   3:36 
Jakub Zboril             0  0  0   0  2   0  1  2  0  0  0/0    11:19   0:00   0:28 
Lucas Edmonds            0  0  0   0  0   3  0  0  0  0  0/1    15:35   3:15   0:00 
Marcel Marcel            0  0  0  -1  2   1  0  0  0  0  0/2     2:49   0:10   0:00 
Nikita Chibrikov         0  0  0   0  2   4  2  0  0  0  2/2    19:05   3:15   2:32 
Ozzy Wiesblatt           0  0  0   0  0   0  0  0  0  0  0/0     0:00   0:00   0:00 
Roni Hirvonen            0  0  0  -1  0   0  0  0  0  0  0/11   11:34   0:00   0:00 
Ryan Winterton           1  0  1   1  0   3  1  0  0  0  13/27  18:30   2:25   4:16 
Tyler Kleven             0  0  0  -1  2   5  3  3  0  0  0/0    21:04   2:46   6:11 
Tyson Hinds              0  0  0   0  0   1  1  0  0  0  0/0    18:23   0:00   7:24 

Players Stats for Devils

Player Name              G  A  P  +/- PIM S  H  SB GA TA FO     MP     PP MP  PK MP  
------------------------------------------------------------------------------------
Adam Erne                0  0  0   0  4   2  0  1  0  0  0/3    17:22   5:59   2:49 
Alex Limoges             1  1  2   1  2   3  4  0  0  0  29/43  22:09   8:16   0:51 
Arshdeep Bains           0  0  0   1  2   5  1  0  0  0  0/0    23:40   8:16   2:20 
Bobby Brink              0  1  1   1  0   2  1  0  0  0  1/2    11:34   0:00   0:00 
Calen Addison            2  1  3   0  0   7  1  1  0  0  0/0    25:56   8:08   2:41 
Christian Wolanin        0  0  0   0  0   1  3  0  0  0  0/0    21:35   6:07   2:59 
Cole Schwindt            0  1  1   0  2   3  1  0  0  0  8/12   18:09   8:15   1:52 
Connor Carrick           0  0  0   0  0   4  1  0  0  0  0/0    21:35   6:07   2:59 
Jakob Pelletier          0  0  0   0  0   4  0  0  0  0  2/2    13:23   5:59   0:00 
Jimmy Huntington         0  0  0  -1  0   1  0  0  0  0  9/10    8:18   0:00   0:00 
Kale Clague              0  0  0   0  2   0  1  2  0  0  0/0    12:28   0:00   0:00 
Mark Kastelic            0  0  0   0  0   1  1  0  0  0  20/27  19:42   5:59   2:53 
Matt Luff                0  0  0  -1  0   2  1  0  0  0  0/0    14:31   0:00   0:00 
Nathan Smith             0  0  0   0  0   0  0  0  0  0  1/1     0:35   0:00   0:35 
Nick DeSimone            0  0  0   0  0   0  0  1  0  0  0/0    12:29   0:00   0:00 
Sebastian AhoD           0  0  0   0  0   5  0  5  0  0  0/0    25:56   8:08   2:41 
William Lockwood         0  0  0   0  0   0  0  0  0  0  4/5     3:42   0:00   0:00 
Zach Aston-Reese         0  0  0  -1  0   2  0  0  0  0  0/1    15:37   0:00   0:00 

3 Stars

1 - Calen Addison (BIN)
2 - Joel Blomqvist (BIN)
3 - Alex Limoges (BIN)

Power Play

Penguins - 0 on 4 Attempt(s) - 0.00%
Devils - 2 on 11 Attempt(s) - 18.18%

Penalty Kill

Penguins - 9 on 11 Attempt(s) - 81.82% - Score 0 goal in Penalty Kill
Devils - 4 on 4 Attempt(s) - 100.00% - Score 0 goal in Penalty Kill

Team Stat

Penguins - Hits : 24 - Faceoff Wins : 32 - Blocked Shots : 15 - Penalty Minutes : 26
Devils - Hits : 15 - Faceoff Wins : 74 - Blocked Shots : 10 - Penalty Minutes : 12

Official

Referees : Marc Joannette and Peter Macdougall
Linesman : Libor Suchanek and Travis Toomey

Game Notes

No Game Note

Finance

Level 1 -- Attendance: 1766 (88.30%) -- Ticket Income $61,810
Level 2 -- Attendance: 1000 (100.00%) -- Ticket Income $15,000
Total Attendance: 2766 (92.20%)
Total Ticket Income: $76,810
Other Income: $37,637
Total Income: $114,447

Penguins

5 vs 5 Forward 
   Center                   Left Wing                Right Wing               Time % Phy DF OF 
 1 Ryan Winterton           Austin Watson            Brendan Lemieux          25     1   2  2  
 2 Antti Saarela            Nikita Chibrikov         Lucas Edmonds            25     1   2  2  
 3 Roni Hirvonen            Brayden Tracey           Daniel Torgersson        25     1   2  2  
 4 Austin Watson            Daniel Torgersson        Ryan Winterton           25     1   2  2  

5 vs 5 Defense 
   Defense                  Defense                                           Time % Phy DF OF 
 1 Jake Massie              Anthony Deangelo                                  25     1   2  2  
 2 Corey Schueneman         Tyler Kleven                                      25     1   2  2  
 3 Jakub Zboril             Tyson Hinds                                       25     1   2  2  
 4 Jake Massie              Anthony Deangelo                                  25     1   2  2  

PowerPlay Forward 
   Center                   Left Wing                Right Wing               Time % Phy DF OF 
 1 Ryan Winterton           Austin Watson            Brayden Tracey           60     1   2  2  
 2 Antti Saarela            Nikita Chibrikov         Lucas Edmonds            40     1   2  2  

PowerPlay Defense
   Defense                  Defense                                           Time % Phy DF OF 
 1 Jake Massie              Anthony Deangelo                                  60     1   2  2  
 2 Corey Schueneman         Tyler Kleven                                      40     1   2  2  

Penalty Kill 4 Players Forward 
   Center                   Wing                     Time % Phy DF OF 
 1 Austin Watson            Brendan Lemieux          60     1   2  2  
 2 Ryan Winterton           Nikita Chibrikov         40     1   2  2  

Penalty Kill 4 Players Defense
   Defense                  Defense                  Time % Phy DF OF 
 1 Tyson Hinds              Anthony Deangelo         60     1   2  2  
 2 Corey Schueneman         Tyler Kleven             40     1   2  2  

Penalty Kill - 3 Players Forward 
   Forward                                           Time % Phy DF OF 
 1 Austin Watson                                     60     1   2  2  
 2 Ryan Winterton                                    40     1   2  2  

Penalty Kill - 3 Players Defense
   Defense                  Defense                  Time % Phy DF OF 
 1 Jake Massie              Anthony Deangelo         60     1   2  2  
 2 Corey Schueneman         Tyler Kleven             40     1   2  2  

4 vs 4 Forward 
   Center                   Wing                     Time % Phy DF OF 
 1 Austin Watson            Brayden Tracey           60     1   2  2  
 2 Ryan Winterton           Nikita Chibrikov         40     1   2  2  

4 vs 4 Defense
   Defense                  Defense                  Time % Phy DF OF 
 1 Jake Massie              Anthony Deangelo         60     1   2  2  
 2 Corey Schueneman         Tyler Kleven             40     1   2  2  

Last Minutes Offensive
   Center                   Left Wing                Right Wing               Defense                  Defense                  
   Ryan Winterton           Austin Watson            Brendan Lemieux          Corey Schueneman         Anthony Deangelo         

Last Minutes Defensive
   Center                   Left Wing                Right Wing               Defense                  Defense                  
   Ryan Winterton           Austin Watson            Brendan Lemieux          Corey Schueneman         Anthony Deangelo         

Goaltenders
Starting : Mitchell Weeks           
Backup : Nico Daws                

Extra Forwards
Normal : Marcel Marcel, Brayden Tracey, Austin Watson - PP : Marcel Marcel, Brayden Tracey - PK : Austin Watson
Extra Defensemen
Normal : Anthony Deangelo, Tyson Hinds, Jake Massie - PP : Anthony Deangelo - PK : Tyson Hinds, Jake Massie
Penalty Shots
Austin Watson, Brendan Lemieux, Ryan Winterton, Nikita Chibrikov, Brayden Tracey
Custom OT Lines Forwards
Austin Watson, Brendan Lemieux, Ryan Winterton, Nikita Chibrikov, Brayden Tracey, Lucas Edmonds, Roni Hirvonen, Daniel Torgersson, Antti Saarela, Marcel Marcel
Custom OT Lines Defensemen
Tyson Hinds, Anthony Deangelo, Corey Schueneman, Tyler Kleven, Jake Massie

Scratches
Farm Player 17 (Healthy), Farm Player 115 (Sprained Left Knee Injury), Thomas Milic (Healthy), Aaron Dell (Healthy)

Devils

5 vs 5 Forward 
   Center                   Left Wing                Right Wing               Time % Phy DF OF 
 1 Alex Limoges             Arshdeep Bains           Bobby Brink              25     1   2  2  
 2 Mark Kastelic            Jakob Pelletier          Zach Aston-Reese         25     1   2  2  
 3 Cole Schwindt            Matt Luff                Adam Erne                25     1   2  2  
 4 Jimmy Huntington         Zach Aston-Reese         Matt Luff                25     1   2  2  

5 vs 5 Defense 
   Defense                  Defense                                           Time % Phy DF OF 
 1 Calen Addison            Sebastian AhoD                                    25     1   2  2  
 2 Connor Carrick           Christian Wolanin                                 25     1   2  2  
 3 Nick DeSimone            Kale Clague                                       25     1   2  2  
 4 Sebastian AhoD           Calen Addison                                     25     1   2  2  

PowerPlay Forward 
   Center                   Left Wing                Right Wing               Time % Phy DF OF 
 1 Alex Limoges             Arshdeep Bains           Cole Schwindt            60     1   2  2  
 2 Mark Kastelic            Jakob Pelletier          Adam Erne                40     1   2  2  

PowerPlay Defense
   Defense                  Defense                                           Time % Phy DF OF 
 1 Calen Addison            Sebastian AhoD                                    60     1   2  2  
 2 Connor Carrick           Christian Wolanin                                 40     1   2  2  

Penalty Kill 4 Players Forward 
   Center                   Wing                     Time % Phy DF OF 
 1 Mark Kastelic            Adam Erne                60     1   2  2  
 2 Alex Limoges             Arshdeep Bains           40     1   2  2  

Penalty Kill 4 Players Defense
   Defense                  Defense                  Time % Phy DF OF 
 1 Calen Addison            Sebastian AhoD           60     1   2  2  
 2 Connor Carrick           Christian Wolanin        40     1   2  2  

Penalty Kill - 3 Players Forward 
   Forward                                           Time % Phy DF OF 
 1 Alex Limoges                                      60     1   2  2  
 2 Arshdeep Bains                                    40     1   2  2  

Penalty Kill - 3 Players Defense
   Defense                  Defense                  Time % Phy DF OF 
 1 Calen Addison            Sebastian AhoD           60     1   2  2  
 2 Connor Carrick           Christian Wolanin        40     1   2  2  

4 vs 4 Forward 
   Center                   Wing                     Time % Phy DF OF 
 1 Adam Erne                Mark Kastelic            60     1   2  2  
 2 Alex Limoges             Arshdeep Bains           40     1   2  2  

4 vs 4 Defense
   Defense                  Defense                  Time % Phy DF OF 
 1 Calen Addison            Sebastian AhoD           60     1   2  2  
 2 Connor Carrick           Christian Wolanin        40     1   2  2  

Last Minutes Offensive
   Center                   Left Wing                Right Wing               Defense                  Defense                  
   Alex Limoges             Arshdeep Bains           Bobby Brink              Calen Addison            Sebastian AhoD           

Last Minutes Defensive
   Center                   Left Wing                Right Wing               Defense                  Defense                  
   Alex Limoges             Arshdeep Bains           Bobby Brink              Calen Addison            Sebastian AhoD           

Goaltenders
Starting : Joel Blomqvist           
Backup : Michael DiPietro         

Extra Forwards
Normal : William Lockwood, Adam Erne, Cole Schwindt - PP : William Lockwood, Adam Erne - PK : Cole Schwindt
Extra Defensemen
Normal : Nick DeSimone, Kale Clague, Sebastian AhoD - PP : Nick DeSimone - PK : Kale Clague, Calen Addison
Penalty Shots
Cole Schwindt, Adam Erne, Alex Limoges, Arshdeep Bains, Mark Kastelic
Custom OT Lines Forwards
Bobby Brink, William Lockwood, Alex Limoges, Arshdeep Bains, Mark Kastelic, Adam Erne, Matt Luff, Jakob Pelletier, Cole Schwindt, Jimmy Huntington
Custom OT Lines Defensemen
Calen Addison, Sebastian AhoD, Connor Carrick, Christian Wolanin, Nick DeSimone

Scratches
Mitchell Hoelscher (Healthy), Riley Damiani (Healthy), Hardy Haman Aktell (Healthy), Akito Hirose (Healthy), Ondrej Pavel (Healthy)
Ryan McGregor (Healthy), Jagger Joshua (Healthy), Aidan McDonough (Healthy), Greg Meireles (Healthy), Mathias Laferriere (Healthy)
Erik Kallgren (Healthy)

% Time on Ice - Penguins

Lines # - Real PCT - Wanted PCT - Time Play
Normal Forward
1 - 16% - 25% - 5:37
2 - 36% - 25% - 12:20
3 - 33% - 25% - 11:34
4 - 15% - 25% - 5:01
Normal Defense
1 - 18% - 25% - 6:15
2 - 31% - 25% - 10:42
3 - 31% - 25% - 10:52
4 - 19% - 25% - 6:43
PP Forward
1 - 43% - 60% - 2:25
2 - 57% - 40% - 3:15
PP Defense
1 - 51% - 60% - 2:54
2 - 49% - 40% - 2:46
PK Forward
1 - 71% - 60% - 7:36
2 - 29% - 40% - 3:02
PK Defense
1 - 44% - 60% - 4:39
2 - 56% - 40% - 5:59
PK3 Forward
1 - 91% - 60% - 3:18
2 - 9% - 40% - 0:19
PK3 Defense
1 - 56% - 60% - 2:01
2 - 44% - 40% - 1:36
44 Forward
1 - 79% - 60% - 4:22
2 - 21% - 40% - 1:11
44 Defense
1 - 51% - 60% - 2:51
2 - 49% - 40% - 2:42
Last Minute Offensive  - 0:00
Last Minute Defensive  - 0:00
Total
Forward - 60:00
Defense - 60:00

% Time on Ice - Devils

Lines # - Real PCT - Wanted PCT - Time Play
Normal Forward
1 - 33% - 25% - 11:34
2 - 21% - 25% - 7:19
3 - 21% - 25% - 7:21
4 - 24% - 25% - 8:18
Normal Defense
1 - 18% - 25% - 6:09
2 - 29% - 25% - 9:53
3 - 36% - 25% - 12:29
4 - 17% - 25% - 6:01
PP Forward
1 - 58% - 60% - 8:16
2 - 42% - 40% - 5:59
PP Defense
1 - 57% - 60% - 8:08
2 - 43% - 40% - 6:07
PK Forward
1 - 75% - 60% - 4:16
2 - 25% - 40% - 1:24
PK Defense
1 - 47% - 60% - 2:41
2 - 53% - 40% - 2:59
PK3 Forward
1 - 0% - 60%
2 - 0% - 40%
PK3 Defense
1 - 0% - 60%
2 - 0% - 40%
44 Forward
1 - 73% - 60% - 4:04
2 - 27% - 40% - 1:29
44 Defense
1 - 53% - 60% - 2:57
2 - 47% - 40% - 2:36
Last Minute Offensive  - 0:00
Last Minute Defensive  - 0:00
Total
Forward - 60:00
Defense - 60:00

Play-by-Play

1st period


0:01 of 1st period - Alex Limoges wins face-off versus Ryan Winterton in neutral zone.
0:11 of 1st period - Shot by Arshdeep Bains.
0:11 of 1st period - Shot Misses the Net.
0:22 of 1st period - Shot by Alex Limoges.
0:22 of 1st period - Shot Misses the Net.
1:06 of 1st period - Shot by Mark Kastelic.
1:06 of 1st period - Shot Misses the Net.
1:48 of 1st period - Antti Saarela is hit by Matt Luff and loses puck.
2:02 of 1st period - Off-side.
2:03 of 1st period - Alex Limoges wins face-off versus Roni Hirvonen in neutral zone.
2:05 of 1st period - Off-side.
2:06 of 1st period - Alex Limoges wins face-off versus Roni Hirvonen in neutral zone.
2:17 of 1st period - Brayden Tracey is hit by Alex Limoges and loses puck.
2:35 of 1st period - Bobby Brink is hit by Tyson Hinds and loses puck.
3:06 of 1st period - Zach Aston-Reese is hit by Austin Watson and loses puck.
3:11 of 1st period - Shot by Austin Watson.
3:11 of 1st period - Stopped by Joel Blomqvist without a rebound.
3:12 of 1st period - Ryan Winterton wins face-off versus Mark Kastelic in Devils zone.
3:22 of 1st period - Zach Aston-Reese is hit by Anthony Deangelo and loses puck.
3:59 of 1st period - Minor Penalty to Austin Watson for High sticking.
4:00 of 1st period - Alex Limoges wins face-off versus Farm Player 19 in Penguins zone.
5:13 of 1st period - Shot by Jakob Pelletier.
5:13 of 1st period - Shot Misses the Net.
5:33 of 1st period - Shot by Alex Limoges.
5:33 of 1st period - Goal by Alex Limoges - Penguins : 0 - Devils : 1.
5:34 of 1st period - Jimmy Huntington wins face-off versus Roni Hirvonen in neutral zone.
5:55 of 1st period - Shot by Kale Clague.
5:55 of 1st period - Shot Misses the Net.
5:59 of 1st period - Minor Penalty to Jakub Zboril for Delaying the game.
6:00 of 1st period - Alex Limoges wins face-off versus Austin Watson in Penguins zone.
6:03 of 1st period - Shot by Connor Carrick.
6:03 of 1st period - Stopped by Mitchell Weeks without a rebound.
6:04 of 1st period - Mark Kastelic wins face-off versus Austin Watson in Penguins zone.
6:07 of 1st period - Shot by Adam Erne.
6:07 of 1st period - Shot Blocked by Tyler Kleven.
6:09 of 1st period - Shot by Connor Carrick.
6:09 of 1st period - Stopped by Mitchell Weeks without a rebound.
6:10 of 1st period - Alex Limoges wins face-off versus Ryan Winterton in Penguins zone.
6:21 of 1st period - Shot by Sebastian AhoD.
6:21 of 1st period - Stopped by Mitchell Weeks without a rebound.
6:22 of 1st period - Mark Kastelic wins face-off versus Austin Watson in Penguins zone.
6:22 of 1st period - Jakob Pelletier is hit by Tyler Kleven and loses puck.
6:43 of 1st period - Shot by Adam Erne.
6:43 of 1st period - Stopped by Mitchell Weeks without a rebound.
6:44 of 1st period - Nikita Chibrikov wins face-off versus Alex Limoges in Penguins zone.
7:04 of 1st period - Shot by Calen Addison.
7:04 of 1st period - Shot Misses the Net.
7:59 of 1st period - Connor Carrick is hit by Farm Player 19 and loses puck.
8:03 of 1st period - Zach Aston-Reese is hit by Jake Massie and loses puck.
8:11 of 1st period - Zach Aston-Reese is hit by Jake Massie and loses puck.
8:18 of 1st period - Shot by Zach Aston-Reese.
8:18 of 1st period - Shot Misses the Net.
8:52 of 1st period - Shot by Bobby Brink.
8:52 of 1st period - Shot Misses the Net.
8:54 of 1st period - Shot by Arshdeep Bains.
8:54 of 1st period - Deflect By Bobby Brink.
8:54 of 1st period - Stopped by Mitchell Weeks without a rebound.
8:55 of 1st period - Cole Schwindt wins face-off versus Antti Saarela in Penguins zone.
9:02 of 1st period - Shot by Cole Schwindt.
9:02 of 1st period - Stopped by Mitchell Weeks without a rebound.
9:03 of 1st period - Mark Kastelic wins face-off versus Antti Saarela in Penguins zone.
9:08 of 1st period - Shot by Mark Kastelic.
9:08 of 1st period - Stopped by Mitchell Weeks with a rebound.
9:18 of 1st period - Shot by Antti Saarela.
9:18 of 1st period - Shot Misses the Net.
9:20 of 1st period - Shot by Tyler Kleven.
9:20 of 1st period - Shot Misses the Net.
9:22 of 1st period - Shot by Antti Saarela.
9:22 of 1st period - Shot Misses the Net.
9:37 of 1st period - Shot by Nikita Chibrikov.
9:37 of 1st period - Stopped by Joel Blomqvist without a rebound.
9:38 of 1st period - Alex Limoges wins face-off versus Ryan Winterton in Devils zone.
9:57 of 1st period - Shot by Austin Watson.
9:57 of 1st period - Stopped by Joel Blomqvist with a rebound.
10:29 of 1st period - Shot by Brayden Tracey.
10:29 of 1st period - Stopped by Joel Blomqvist without a rebound.
10:30 of 1st period - Antti Saarela wins face-off versus Cole Schwindt in Devils zone.
10:31 of 1st period - Shot by Nikita Chibrikov.
10:31 of 1st period - Shot Blocked by Sebastian AhoD.
10:37 of 1st period - Shot by Nikita Chibrikov.
10:37 of 1st period - Stopped by Joel Blomqvist without a rebound.
10:38 of 1st period - Jimmy Huntington wins face-off versus Roni Hirvonen in Devils zone.
10:46 of 1st period - Off-side.
10:47 of 1st period - Cole Schwindt wins face-off versus Antti Saarela in neutral zone.
10:55 of 1st period - Minor Penalty to Adam Erne for Goalie Interference.
10:55 of 1st period - Minor Penalty to Jake Massie for Diving.
10:56 of 1st period - Austin Watson wins face-off versus William Lockwood in Penguins zone.
11:08 of 1st period - Shot by Austin Watson.
11:08 of 1st period - Stopped by Joel Blomqvist with a rebound.
11:11 of 1st period - Icing by Mark Kastelic.
11:12 of 1st period - William Lockwood wins face-off versus Austin Watson in Devils zone.
12:12 of 1st period - Shot by Arshdeep Bains.
12:12 of 1st period - Shot Misses the Net.
12:26 of 1st period - Shot by Alex Limoges.
12:26 of 1st period - Shot Blocked by Tyler Kleven.
12:37 of 1st period - Off-side.
12:38 of 1st period - Ryan Winterton wins face-off versus Cole Schwindt in neutral zone.
12:45 of 1st period - Shot by Nikita Chibrikov.
12:45 of 1st period - Deflect By Ryan Winterton.
12:45 of 1st period - Stopped by Joel Blomqvist without a rebound.
12:46 of 1st period - William Lockwood wins face-off versus Ryan Winterton in Devils zone.
12:58 of 1st period - Christian Wolanin is hit by Antti Saarela and loses puck.
13:05 of 1st period - Shot by Matt Luff.
13:05 of 1st period - Shot Misses the Net.
13:07 of 1st period - Shot by Adam Erne.
13:07 of 1st period - Shot Misses the Net.
13:09 of 1st period - Shot by Nick DeSimone.
13:09 of 1st period - Shot Misses the Net.
13:17 of 1st period - Minor Penalty to Jake Massie for Tripping.
13:18 of 1st period - Cole Schwindt wins face-off versus Ryan Winterton in Penguins zone.
13:19 of 1st period - Shot by Calen Addison.
13:19 of 1st period - Goal by Calen Addison - Penguins : 0 - Devils : 2.
13:20 of 1st period - Alex Limoges wins face-off versus Antti Saarela in neutral zone.
13:34 of 1st period - Arshdeep Bains is hit by Antti Saarela and loses puck.
13:49 of 1st period - Shot by Antti Saarela.
13:49 of 1st period - Stopped by Joel Blomqvist without a rebound.
13:50 of 1st period - Cole Schwindt wins face-off versus Roni Hirvonen in Devils zone.
13:57 of 1st period - Shot by Cole Schwindt.
13:57 of 1st period - Stopped by Mitchell Weeks with a rebound.
14:21 of 1st period - Shot by Adam Erne.
14:21 of 1st period - Shot Misses the Net.
14:23 of 1st period - Shot by Connor Carrick.
14:23 of 1st period - Shot Misses the Net.
14:50 of 1st period - Shot by Zach Aston-Reese.
14:50 of 1st period - Shot Misses the Net.
15:26 of 1st period - Alex Limoges is hit by Nikita Chibrikov and loses puck.
15:38 of 1st period - Nikita Chibrikov is hit by Calen Addison and loses puck.
15:41 of 1st period - Shot by Nikita Chibrikov.
15:41 of 1st period - Stopped by Joel Blomqvist without a rebound.
15:42 of 1st period - Cole Schwindt wins face-off versus Ryan Winterton in Devils zone.
15:54 of 1st period - Shot by Adam Erne.
15:54 of 1st period - Stopped by Mitchell Weeks without a rebound.
15:55 of 1st period - Jimmy Huntington wins face-off versus Antti Saarela in Penguins zone.
15:58 of 1st period - Shot by Zach Aston-Reese.
15:58 of 1st period - Stopped by Mitchell Weeks without a rebound.
15:59 of 1st period - Alex Limoges wins face-off versus Ryan Winterton in Penguins zone.
16:06 of 1st period - Shot by Bobby Brink.
16:06 of 1st period - Deflect By Arshdeep Bains.
16:06 of 1st period - Shot Misses the Net.
16:08 of 1st period - Shot by Bobby Brink.
16:08 of 1st period - Shot Misses the Net.
16:13 of 1st period - Bobby Brink is hit by Corey Schueneman and loses puck.
16:18 of 1st period - Shot by Arshdeep Bains.
16:18 of 1st period - Shot Misses the Net.
16:20 of 1st period - Shot by Connor Carrick.
16:20 of 1st period - Shot Misses the Net.
16:30 of 1st period - Shot by Bobby Brink.
16:30 of 1st period - Shot Misses the Net.
16:32 of 1st period - Shot by Alex Limoges.
16:32 of 1st period - Shot Blocked by Corey Schueneman.
16:37 of 1st period - Icing by Tyler Kleven.
16:38 of 1st period - Jimmy Huntington wins face-off versus Brendan Lemieux in Penguins zone.
16:38 of 1st period - Minor Penalty to Corey Schueneman for Interference.
16:39 of 1st period - Mark Kastelic wins face-off versus Austin Watson in Penguins zone.
16:42 of 1st period - Shot by Jakob Pelletier.
16:42 of 1st period - Shot Misses the Net.
16:44 of 1st period - Shot by Calen Addison.
16:44 of 1st period - Shot Blocked by Anthony Deangelo.
17:02 of 1st period - Shot by Sebastian AhoD.
17:02 of 1st period - Shot Misses the Net.
17:51 of 1st period - Jake Massie is hit by Alex Limoges.
18:14 of 1st period - Off-side.
18:15 of 1st period - Ryan Winterton wins face-off versus Alex Limoges in neutral zone.
18:28 of 1st period - Icing by Calen Addison.
18:29 of 1st period - Ryan Winterton wins face-off versus Alex Limoges in Devils zone.
18:30 of 1st period - Shot by Nikita Chibrikov.
18:30 of 1st period - Shot Misses the Net.
19:56 of 1st period - Icing by Christian Wolanin.
19:57 of 1st period - Austin Watson wins face-off versus Alex Limoges in Devils zone.
19:58 of 1st period - Shot by Ryan Winterton.
19:58 of 1st period - Stopped by Joel Blomqvist without a rebound.
19:59 of 1st period - Mark Kastelic wins face-off versus Austin Watson in Devils zone.
Goals for this period are 0 for Penguins vs 2 for Devils.
Shots for this period are 10 for Penguins vs 12 for Devils.

2nd period


0:01 of 2nd period - Ryan Winterton wins face-off versus Zach Aston-Reese in neutral zone.
0:12 of 2nd period - Shot by Daniel Torgersson.
0:12 of 2nd period - Shot Misses the Net.
0:14 of 2nd period - Shot by Ryan Winterton.
0:14 of 2nd period - Goal by Ryan Winterton - Penguins : 1 - Devils : 2.
0:15 of 2nd period - Nikita Chibrikov wins face-off versus Alex Limoges in neutral zone.
0:22 of 2nd period - Minor Penalty to Nikita Chibrikov for Tripping.
0:23 of 2nd period - Austin Watson wins face-off versus Alex Limoges in Penguins zone.
1:16 of 2nd period - Icing by Christian Wolanin.
1:17 of 2nd period - Mark Kastelic wins face-off versus Austin Watson in Devils zone.
1:38 of 2nd period - Shot by Connor Carrick.
1:38 of 2nd period - Stopped by Mitchell Weeks with a rebound.
1:50 of 2nd period - Shot by Christian Wolanin.
1:50 of 2nd period - Shot Blocked by Tyler Kleven.
2:05 of 2nd period - Minor Penalty to Cole Schwindt for Hooking.
2:06 of 2nd period - Ryan Winterton wins face-off versus Adam Erne in Devils zone.
2:09 of 2nd period - Shot by Marcel Marcel.
2:09 of 2nd period - Deflect By Ryan Winterton.
2:09 of 2nd period - Shot Misses the Net.
2:15 of 2nd period - Shot by Ryan Winterton.
2:15 of 2nd period - Shot Blocked by Sebastian AhoD.
2:17 of 2nd period - Shot by Anthony Deangelo.
2:17 of 2nd period - Stopped by Joel Blomqvist without a rebound.
2:18 of 2nd period - Alex Limoges wins face-off versus Marcel Marcel in Devils zone.
2:31 of 2nd period - Shot by Jake Massie.
2:31 of 2nd period - Stopped by Joel Blomqvist without a rebound.
2:32 of 2nd period - Mark Kastelic wins face-off versus Antti Saarela in Devils zone.
2:32 of 2nd period - Mark Kastelic is hit by Antti Saarela.
2:48 of 2nd period - Shot by Corey Schueneman.
2:48 of 2nd period - Stopped by Joel Blomqvist without a rebound.
2:49 of 2nd period - Nathan Smith wins face-off versus Ryan Winterton in Devils zone.
3:20 of 2nd period - Shot by Jake Massie.
3:20 of 2nd period - Stopped by Joel Blomqvist without a rebound.
3:21 of 2nd period - Alex Limoges wins face-off versus Antti Saarela in Devils zone.
3:27 of 2nd period - Icing by Lucas Edmonds.
3:28 of 2nd period - Antti Saarela wins face-off versus Alex Limoges in Penguins zone.
3:46 of 2nd period - Shot by Tyler Kleven.
3:46 of 2nd period - Stopped by Joel Blomqvist without a rebound.
3:47 of 2nd period - Mark Kastelic wins face-off versus Ryan Winterton in Devils zone.
4:00 of 2nd period - Shot by Anthony Deangelo.
4:00 of 2nd period - Shot Blocked by Sebastian AhoD.
4:02 of 2nd period - Shot by Anthony Deangelo.
4:02 of 2nd period - Stopped by Joel Blomqvist without a rebound.
4:03 of 2nd period - Alex Limoges wins face-off versus Antti Saarela in Devils zone.
4:03 of 2nd period - Alex Limoges is hit by Antti Saarela.
4:08 of 2nd period - Off-side.
4:09 of 2nd period - Antti Saarela wins face-off versus Jimmy Huntington in neutral zone.
4:26 of 2nd period - Shot by Lucas Edmonds.
4:26 of 2nd period - Shot Blocked by Sebastian AhoD.
4:28 of 2nd period - Shot by Antti Saarela.
4:28 of 2nd period - Stopped by Joel Blomqvist without a rebound.
4:29 of 2nd period - Alex Limoges wins face-off versus Roni Hirvonen in Devils zone.
4:43 of 2nd period - Daniel Torgersson is hit by Kale Clague and loses puck.
6:23 of 2nd period - Shot by Corey Schueneman.
6:23 of 2nd period - Shot Misses the Net.
6:25 of 2nd period - Shot by Lucas Edmonds.
6:25 of 2nd period - Deflect By Antti Saarela.
6:25 of 2nd period - Shot Misses the Net.
6:37 of 2nd period - Shot by Lucas Edmonds.
6:37 of 2nd period - Stopped by Joel Blomqvist without a rebound.
6:38 of 2nd period - Mark Kastelic wins face-off versus Austin Watson in Devils zone.
6:38 of 2nd period - Mark Kastelic is hit by Ryan Winterton.
6:53 of 2nd period - Shot by Austin Watson.
6:53 of 2nd period - Stopped by Joel Blomqvist without a rebound.
6:54 of 2nd period - Alex Limoges wins face-off versus Roni Hirvonen in Devils zone.
7:42 of 2nd period - Minor Penalty to Arshdeep Bains for Interference.
7:42 of 2nd period - Minor Penalty to Antti Saarela for Interference.
7:43 of 2nd period - William Lockwood wins face-off versus Austin Watson in neutral zone.
8:12 of 2nd period - Shot by Austin Watson.
8:12 of 2nd period - Stopped by Joel Blomqvist without a rebound.
8:13 of 2nd period - Ryan Winterton wins face-off versus Adam Erne in Devils zone.
8:42 of 2nd period - Shot by Ryan Winterton.
8:42 of 2nd period - Shot Misses the Net.
8:57 of 2nd period - Icing by Calen Addison.
8:58 of 2nd period - Austin Watson wins face-off versus Adam Erne in Devils zone.
9:20 of 2nd period - Austin Watson is hit by Connor Carrick and loses puck.
9:38 of 2nd period - Austin Watson is hit by Christian Wolanin and loses puck.
9:49 of 2nd period - Shot by Matt Luff.
9:49 of 2nd period - Stopped by Mitchell Weeks without a rebound.
9:50 of 2nd period - Jimmy Huntington wins face-off versus Antti Saarela in Penguins zone.
10:16 of 2nd period - Shot by Nikita Chibrikov.
10:16 of 2nd period - Stopped by Joel Blomqvist without a rebound.
10:17 of 2nd period - Austin Watson wins face-off versus Alex Limoges in Devils zone.
10:19 of 2nd period - Daniel Torgersson is hit by Christian Wolanin and loses puck.
10:37 of 2nd period - Shot by Arshdeep Bains.
10:37 of 2nd period - Shot Misses the Net.
10:39 of 2nd period - Shot by Connor Carrick.
10:39 of 2nd period - Shot Misses the Net.
10:41 of 2nd period - Shot by Alex Limoges.
10:41 of 2nd period - Shot Blocked by Corey Schueneman.
11:24 of 2nd period - Icing by Kale Clague.
11:25 of 2nd period - Jimmy Huntington wins face-off versus Antti Saarela in Devils zone.
11:43 of 2nd period - Shot by Jimmy Huntington.
11:43 of 2nd period - Stopped by Mitchell Weeks without a rebound.
11:44 of 2nd period - Mark Kastelic wins face-off versus Roni Hirvonen in Penguins zone.
11:44 of 2nd period - Zach Aston-Reese is hit by Jakub Zboril and loses puck.
12:01 of 2nd period - Brayden Tracey is hit by Mark Kastelic and loses puck.
13:09 of 2nd period - Minor Penalty to Alex Limoges for Cross-checking.
13:10 of 2nd period - Ryan Winterton wins face-off versus Mark Kastelic in Devils zone.
13:11 of 2nd period - Shot by Tyler Kleven.
13:11 of 2nd period - Stopped by Joel Blomqvist with a rebound.
13:13 of 2nd period - Shot by Corey Schueneman.
13:13 of 2nd period - Shot Blocked by Adam Erne.
13:15 of 2nd period - Shot by Brayden Tracey.
13:15 of 2nd period - Stopped by Joel Blomqvist without a rebound.
13:16 of 2nd period - Mark Kastelic wins face-off versus Ryan Winterton in Devils zone.
13:40 of 2nd period - Shot by Corey Schueneman.
13:40 of 2nd period - Shot Blocked by Calen Addison.
14:14 of 2nd period - Arshdeep Bains is hit by Nikita Chibrikov and loses puck.
14:24 of 2nd period - Icing by Nikita Chibrikov.
14:25 of 2nd period - Antti Saarela wins face-off versus Cole Schwindt in Penguins zone.
14:45 of 2nd period - Shot by Corey Schueneman.
14:45 of 2nd period - Stopped by Joel Blomqvist without a rebound.
14:46 of 2nd period - Mark Kastelic wins face-off versus Ryan Winterton in Devils zone.
15:15 of 2nd period - Shot by Marcel Marcel.
15:15 of 2nd period - Stopped by Joel Blomqvist with a rebound.
15:24 of 2nd period - Minor Penalty to Marcel Marcel for Cross-checking.
15:25 of 2nd period - Farm Player 19 wins face-off versus Alex Limoges in Penguins zone.
15:38 of 2nd period - Shot by Arshdeep Bains.
15:38 of 2nd period - Stopped by Mitchell Weeks without a rebound.
15:38 of 2nd period - Minor Penalty to Anthony Deangelo for High sticking.
15:39 of 2nd period - Alex Limoges wins face-off versus Austin Watson in Penguins zone.
15:42 of 2nd period - Shot by Calen Addison.
15:42 of 2nd period - Shot Blocked by Corey Schueneman.
15:44 of 2nd period - Shot by Arshdeep Bains.
15:44 of 2nd period - Stopped by Mitchell Weeks without a rebound.
15:45 of 2nd period - Mark Kastelic wins face-off versus Austin Watson in Penguins zone.
15:48 of 2nd period - Shot by Adam Erne.
15:48 of 2nd period - Shot Blocked by Jake Massie.
15:50 of 2nd period - Shot by Adam Erne.
15:50 of 2nd period - Shot Misses the Net.
15:52 of 2nd period - Shot by Mark Kastelic.
15:52 of 2nd period - Shot Misses the Net.
15:54 of 2nd period - Shot by Adam Erne.
15:54 of 2nd period - Shot Blocked by Jake Massie.
15:56 of 2nd period - Shot by Jakob Pelletier.
15:56 of 2nd period - Stopped by Mitchell Weeks without a rebound.
15:57 of 2nd period - Ryan Winterton wins face-off versus Alex Limoges in Penguins zone.
15:57 of 2nd period - Ryan Winterton is hit by Cole Schwindt.
16:23 of 2nd period - Shot by Calen Addison.
16:23 of 2nd period - Shot Misses the Net.
16:25 of 2nd period - Shot by Sebastian AhoD.
16:25 of 2nd period - Stopped by Mitchell Weeks without a rebound.
16:26 of 2nd period - Mark Kastelic wins face-off versus Austin Watson in Penguins zone.
16:29 of 2nd period - Shot by Connor Carrick.
16:29 of 2nd period - Stopped by Mitchell Weeks without a rebound.
16:30 of 2nd period - Mark Kastelic wins face-off versus Austin Watson in Penguins zone.
16:55 of 2nd period - Shot by Adam Erne.
16:55 of 2nd period - Shot Misses the Net.
17:25 of 2nd period - Shot by Calen Addison.
17:25 of 2nd period - Stopped by Mitchell Weeks with a rebound.
17:27 of 2nd period - Shot by Arshdeep Bains.
17:27 of 2nd period - Shot Misses the Net.
18:26 of 2nd period - Icing by Anthony Deangelo.
18:27 of 2nd period - Bobby Brink wins face-off versus Roni Hirvonen in Penguins zone.
18:42 of 2nd period - Shot by Bobby Brink.
18:42 of 2nd period - Stopped by Mitchell Weeks without a rebound.
18:43 of 2nd period - Mark Kastelic wins face-off versus Antti Saarela in Penguins zone.
18:43 of 2nd period - Jakob Pelletier is hit by Tyler Kleven and loses puck.
18:49 of 2nd period - Jakob Pelletier is hit by Corey Schueneman.
18:53 of 2nd period - Shot by Jakob Pelletier.
18:53 of 2nd period - Stopped by Mitchell Weeks with a rebound.
18:55 of 2nd period - Shot by Zach Aston-Reese.
18:55 of 2nd period - Stopped by Mitchell Weeks without a rebound.
18:56 of 2nd period - Ryan Winterton wins face-off versus Alex Limoges in Penguins zone.
19:05 of 2nd period - Jakub Zboril is hit by Alex Limoges.
19:08 of 2nd period - Off-side.
19:09 of 2nd period - Cole Schwindt wins face-off versus Antti Saarela in neutral zone.
Goals for this period are 1 for Penguins vs 0 for Devils.
Shots for this period are 16 for Penguins vs 12 for Devils.

3rd period


0:01 of 3rd period - Austin Watson wins face-off versus Mark Kastelic in neutral zone.
0:18 of 3rd period - Shot by Austin Watson.
0:18 of 3rd period - Deflect By Ryan Winterton.
0:18 of 3rd period - Shot Misses the Net.
0:20 of 3rd period - Shot by Ryan Winterton.
0:20 of 3rd period - Shot Misses the Net.
0:47 of 3rd period - Minor Penalty to Adam Erne for Delaying the game.
0:48 of 3rd period - Antti Saarela wins face-off versus Cole Schwindt in Devils zone.
0:49 of 3rd period - Shot by Tyler Kleven.
0:49 of 3rd period - Stopped by Joel Blomqvist without a rebound.
0:50 of 3rd period - Mark Kastelic wins face-off versus Lucas Edmonds in Devils zone.
1:13 of 3rd period - Shot by Tyler Kleven.
1:13 of 3rd period - Stopped by Joel Blomqvist with a rebound.
1:19 of 3rd period - Shot by Tyler Kleven.
1:19 of 3rd period - Stopped by Joel Blomqvist without a rebound.
1:20 of 3rd period - Ryan Winterton wins face-off versus Mark Kastelic in Devils zone.
1:21 of 3rd period - Shot by Anthony Deangelo.
1:21 of 3rd period - Shot Misses the Net.
1:23 of 3rd period - Shot by Austin Watson.
1:23 of 3rd period - Stopped by Joel Blomqvist with a rebound.
1:25 of 3rd period - Shot by Anthony Deangelo.
1:25 of 3rd period - Stopped by Joel Blomqvist without a rebound.
1:26 of 3rd period - Mark Kastelic wins face-off versus Ryan Winterton in Devils zone.
1:26 of 3rd period - Mark Kastelic is hit by Austin Watson.
1:27 of 3rd period - Minor Penalty to Austin Watson for High sticking.
1:28 of 3rd period - William Lockwood wins face-off versus Marcel Marcel in Penguins zone.
1:37 of 3rd period - Shot by William Lockwood.
1:37 of 3rd period - Deflect By Mark Kastelic.
1:37 of 3rd period - Shot Blocked by Jake Massie.
1:41 of 3rd period - Shot by William Lockwood.
1:41 of 3rd period - Deflect By Mark Kastelic.
1:41 of 3rd period - Shot Misses the Net.
1:46 of 3rd period - Mark Kastelic is hit by Anthony Deangelo.
2:18 of 3rd period - Shot by Corey Schueneman.
2:18 of 3rd period - Stopped by Joel Blomqvist without a rebound.
2:19 of 3rd period - Cole Schwindt wins face-off versus Farm Player 19 in Devils zone.
2:28 of 3rd period - Shot by Cole Schwindt.
2:28 of 3rd period - Stopped by Mitchell Weeks with a rebound.
3:02 of 3rd period - Shot by Calen Addison.
3:02 of 3rd period - Stopped by Mitchell Weeks without a rebound.
3:03 of 3rd period - Alex Limoges wins face-off versus Ryan Winterton in Penguins zone.
3:12 of 3rd period - Shot by Sebastian AhoD.
3:12 of 3rd period - Stopped by Mitchell Weeks without a rebound.
3:13 of 3rd period - Alex Limoges wins face-off versus Farm Player 19 in Penguins zone.
3:38 of 3rd period - Shot by Tyson Hinds.
3:38 of 3rd period - Stopped by Joel Blomqvist without a rebound.
3:39 of 3rd period - Jimmy Huntington wins face-off versus Daniel Torgersson in Devils zone.
4:32 of 3rd period - Shot by Alex Limoges.
4:32 of 3rd period - Stopped by Mitchell Weeks without a rebound.
4:33 of 3rd period - Antti Saarela wins face-off versus Bobby Brink in Penguins zone.
4:33 of 3rd period - Antti Saarela is hit by Alex Limoges.
4:41 of 3rd period - Shot by Arshdeep Bains.
4:41 of 3rd period - Stopped by Mitchell Weeks without a rebound.
4:42 of 3rd period - Jakob Pelletier wins face-off versus Antti Saarela in Penguins zone.
4:45 of 3rd period - Shot by Zach Aston-Reese.
4:45 of 3rd period - Shot Blocked by Jakub Zboril.
4:48 of 3rd period - Icing by Lucas Edmonds.
4:49 of 3rd period - Alex Limoges wins face-off versus Antti Saarela in Penguins zone.
4:50 of 3rd period - Shot by Bobby Brink.
4:50 of 3rd period - Deflect By Arshdeep Bains.
4:50 of 3rd period - Shot Blocked by Jakub Zboril.
4:52 of 3rd period - Shot by Arshdeep Bains.
4:52 of 3rd period - Stopped by Mitchell Weeks without a rebound.
4:53 of 3rd period - Mark Kastelic wins face-off versus Antti Saarela in Penguins zone.
4:53 of 3rd period - Mark Kastelic is hit by Jake Massie.
5:01 of 3rd period - Shot by Jakob Pelletier.
5:01 of 3rd period - Shot Misses the Net.
5:09 of 3rd period - Shot by Lucas Edmonds.
5:09 of 3rd period - Stopped by Joel Blomqvist without a rebound.
5:10 of 3rd period - Cole Schwindt wins face-off versus Roni Hirvonen in Devils zone.
6:12 of 3rd period - Shot by Jakob Pelletier.
6:12 of 3rd period - Shot Misses the Net.
6:14 of 3rd period - Shot by Jakob Pelletier.
6:14 of 3rd period - Stopped by Mitchell Weeks without a rebound.
6:15 of 3rd period - Ryan Winterton wins face-off versus Alex Limoges in Penguins zone.
6:15 of 3rd period - Austin Watson is hit by Arshdeep Bains and loses puck.
6:40 of 3rd period - Shot by Alex Limoges.
6:40 of 3rd period - Shot Blocked by Anthony Deangelo.
7:04 of 3rd period - Shot by Jakob Pelletier.
7:04 of 3rd period - Deflect By Zach Aston-Reese.
7:04 of 3rd period - Shot Blocked by Anthony Deangelo.
7:06 of 3rd period - Shot by Jakob Pelletier.
7:06 of 3rd period - Stopped by Mitchell Weeks without a rebound.
7:07 of 3rd period - Jimmy Huntington wins face-off versus Antti Saarela in Penguins zone.
7:15 of 3rd period - Icing by Tyler Kleven.
7:16 of 3rd period - Antti Saarela wins face-off versus Mark Kastelic in Penguins zone.
8:50 of 3rd period - Shot by Austin Watson.
8:50 of 3rd period - Stopped by Joel Blomqvist without a rebound.
8:51 of 3rd period - Alex Limoges wins face-off versus Antti Saarela in Devils zone.
9:45 of 3rd period - Shot by Austin Watson.
9:45 of 3rd period - Stopped by Joel Blomqvist with a rebound.
9:57 of 3rd period - Shot by Matt Luff.
9:57 of 3rd period - Stopped by Mitchell Weeks with a rebound.
9:59 of 3rd period - Shot by Matt Luff.
9:59 of 3rd period - Deflect By Zach Aston-Reese.
9:59 of 3rd period - Shot Misses the Net.
10:24 of 3rd period - Shot by Mark Kastelic.
10:24 of 3rd period - Shot Misses the Net.
10:29 of 3rd period - Jakob Pelletier is hit by Jake Massie and loses puck.
11:12 of 3rd period - Shot by Lucas Edmonds.
11:12 of 3rd period - Shot Blocked by Kale Clague.
12:02 of 3rd period - Shot by Alex Limoges.
12:02 of 3rd period - Shot Misses the Net.
12:04 of 3rd period - Shot by Bobby Brink.
12:04 of 3rd period - Shot Misses the Net.
12:06 of 3rd period - Shot by Calen Addison.
12:06 of 3rd period - Goal by Calen Addison - Penguins : 1 - Devils : 3.
12:07 of 3rd period - Alex Limoges wins face-off versus Farm Player 19 in neutral zone.
12:10 of 3rd period - Jakub Zboril is hit by Bobby Brink.
12:15 of 3rd period - Nikita Chibrikov is hit by Christian Wolanin and loses puck.
12:40 of 3rd period - Shot by Alex Limoges.
12:40 of 3rd period - Stopped by Mitchell Weeks without a rebound.
12:41 of 3rd period - Mark Kastelic wins face-off versus Roni Hirvonen in Penguins zone.
12:55 of 3rd period - Calen Addison is hit by Tyler Kleven and loses puck.
13:05 of 3rd period - Minor Penalty to Corey Schueneman for Roughing.
13:06 of 3rd period - Alex Limoges wins face-off versus Farm Player 19 in Penguins zone.
13:57 of 3rd period - Shot by Calen Addison.
13:57 of 3rd period - Stopped by Mitchell Weeks without a rebound.
13:58 of 3rd period - Austin Watson wins face-off versus Mark Kastelic in Penguins zone.
14:27 of 3rd period - Shot by Brendan Lemieux.
14:27 of 3rd period - Stopped by Joel Blomqvist without a rebound.
14:28 of 3rd period - Alex Limoges wins face-off versus Ryan Winterton in Devils zone.
14:35 of 3rd period - Shot by Christian Wolanin.
14:35 of 3rd period - Stopped by Mitchell Weeks without a rebound.
14:36 of 3rd period - Ryan Winterton wins face-off versus Alex Limoges in Penguins zone.
15:46 of 3rd period - Shot by Anthony Deangelo.
15:46 of 3rd period - Shot Blocked by Nick DeSimone.
15:48 of 3rd period - Shot by Lucas Edmonds.
15:48 of 3rd period - Stopped by Joel Blomqvist with a rebound.
15:50 of 3rd period - Shot by Lucas Edmonds.
15:50 of 3rd period - Shot Blocked by Kale Clague.
15:52 of 3rd period - Shot by Nikita Chibrikov.
15:52 of 3rd period - Shot Misses the Net.
16:06 of 3rd period - Icing by Jimmy Huntington.
16:07 of 3rd period - Jimmy Huntington wins face-off versus Austin Watson in Devils zone.
16:07 of 3rd period - Jimmy Huntington is hit by Austin Watson.
16:25 of 3rd period - Minor Penalty to Tyler Kleven for Tripping.
16:26 of 3rd period - Farm Player 19 wins face-off versus Mark Kastelic in Penguins zone.
16:32 of 3rd period - Minor Penalty to Austin Watson for Tripping.
16:33 of 3rd period - Alex Limoges wins face-off versus Farm Player 19 in Penguins zone.
16:36 of 3rd period - Shot by Arshdeep Bains.
16:36 of 3rd period - Stopped by Mitchell Weeks without a rebound.
16:37 of 3rd period - Alex Limoges wins face-off versus Farm Player 19 in Penguins zone.
16:38 of 3rd period - Shot by Calen Addison.
16:38 of 3rd period - Stopped by Mitchell Weeks without a rebound.
16:39 of 3rd period - Alex Limoges wins face-off versus Farm Player 19 in Penguins zone.
16:53 of 3rd period - Icing by Arshdeep Bains.
16:54 of 3rd period - Alex Limoges wins face-off versus Farm Player 19 in Devils zone.
16:58 of 3rd period - Icing by Calen Addison.
16:59 of 3rd period - Alex Limoges wins face-off versus Farm Player 19 in Devils zone.
17:06 of 3rd period - Shot by Calen Addison.
17:06 of 3rd period - Stopped by Mitchell Weeks without a rebound.
17:07 of 3rd period - Alex Limoges wins face-off versus Farm Player 19 in Penguins zone.
17:14 of 3rd period - Shot by Sebastian AhoD.
17:14 of 3rd period - Stopped by Mitchell Weeks without a rebound.
17:15 of 3rd period - Alex Limoges wins face-off versus Farm Player 19 in Penguins zone.
17:16 of 3rd period - Shot by Sebastian AhoD.
17:16 of 3rd period - Shot Blocked by Anthony Deangelo.
17:50 of 3rd period - Shot by Sebastian AhoD.
17:50 of 3rd period - Stopped by Mitchell Weeks without a rebound.
17:51 of 3rd period - Jakob Pelletier wins face-off versus Farm Player 19 in Penguins zone.
18:41 of 3rd period - Minor Penalty to Kale Clague for Interference.
18:42 of 3rd period - Antti Saarela wins face-off versus Alex Limoges in Devils zone.
18:43 of 3rd period - Shot by Anthony Deangelo.
18:43 of 3rd period - Shot Blocked by Sebastian AhoD.
19:50 of 3rd period - Shot by Ryan Winterton.
19:50 of 3rd period - Shot Misses the Net.
Goals for this period are 0 for Penguins vs 1 for Devils.
Shots for this period are 12 for Penguins vs 18 for Devils.